 Dungeon Crawl Stone Soup version 0.31-a0-152-g6aa68a64a1 (webtiles) character file.

Game seed: 5370374675039792513

58 qw the Shooter (level 3, -2/31 HPs)
             Began as a Minotaur Hunter on June 9, 2023.
             Slain by a gnoll
             ... wielding a +0 spear
              (5 damage)
             ... on level 2 of the Dungeon.
             The game lasted 00:00:20 (722 turns).

qw the Shooter (Minotaur Hunter)                     Turns: 722, Time: 00:00:20

Health: -2/31      AC:  5    Str: 15    XL:     3   Next: 76%
Magic:  2/2        EV: 11    Int:  6    God:
Gold:   63         SH:  0    Dex: 15    Spells: 2/2 levels left

rFire   . . .        Y - +1 shortbow
rCold   . . .        (shield currently unavailable)
rNeg    . . .        g - +0 ring mail
rPois   .            (helmet restricted)
rElec   .            (no cloak)
rCorr   .            (no gloves)
SInv    .            (no boots)
Will    .....        (no amulet)
Stlth   +            (no ring)
HPRegen 0.25/turn    (no ring)
MPRegen 0.08/turn

%: no passive effects
@: no status effects
A: horns 2, retaliatory headbutt
a: no special abilities


You were on level 2 of the Dungeon.
You visited 1 branch of the dungeon, and saw 2 of its levels.

You collected 63 gold pieces.


Innate Abilities, Weirdness & Mutations

You have a pair of horns on your head.
You reflexively headbutt those who attack you in melee.


   Skills:
 - Level 3.0 Fighting
 + Level 5.6 Ranged Weapons
 - Level 1.0 Armour
 - Level 2.1 Dodging
 - Level 0.7 Stealth


You had 2 spell levels left.
You didn't know any spells.
Your spell library was empty.

Inventory:

Hand Weapons
 Y - a +1 shortbow (weapon)
Armour
 g - a +0 ring mail (worn)
Potions
 a - a potion of heal wounds {unknown}
 h - a potion of magic {unknown}

Dungeon Overview and Level Annotations

Branches:
Dungeon (2/15)

Altars:


Message History

The arrow barely misses the gnoll.
The gnoll hits you from afar with a +0 halberd!
You shoot an arrow. The arrow barely misses the gnoll.
The arrow closely misses the gnoll.
The gnoll closely misses you. The gnoll barely misses you.
You shoot an arrow. The arrow hits the gnoll.
The gnoll is almost dead.
The gnoll hits you from afar with a +0 spear.
The gnoll misses you.
You shoot an arrow. The arrow hits the gnoll!
You kill the gnoll!
The gnoll hits you from afar with a +0 spear.
You shoot an arrow.
The arrow hits the gnoll but does no damage.
The gnoll completely misses you. The gnoll barely misses you.
You shoot an arrow. The arrow closely misses the gnoll.
The gnoll hits you with a +0 whip. The gnoll hits you but does no damage.
The gnoll hits you from afar with a +0 spear.
The gnoll misses you. You furiously retaliate!
You headbutt the gnoll! You shoot an arrow. The arrow hits the gnoll.
The gnoll is severely wounded.
The gnoll hits you with a +0 whip. The gnoll misses you.
You shoot an arrow. The arrow hits the gnoll!
You kill the gnoll!
The gnoll closely misses you.
You shoot an arrow. The arrow barely misses the gnoll.
The gnoll closely misses you.
You shoot an arrow. The arrow hits the gnoll.
The gnoll is severely wounded.
The gnoll hits you from afar with a +0 spear.
The gnoll misses you.
You shoot an arrow. The arrow barely misses the gnoll.
The gnoll barely misses you.
You shoot an arrow. The arrow barely misses the gnoll.
The gnoll barely misses you.
You shoot an arrow. The arrow closely misses the gnoll.
The gnoll misses you.
You shoot an arrow. The arrow barely misses the gnoll.
The gnoll hits you from afar with a +0 spear.
You die...

##### #...#
###########...#
#.....#.......#
#.###.#.......## #.#
#.@).......#
##.#####.....)..#
#.......g)...<..####
########...>.......#
##.....##.#........#####
#....#..............##..
##.#.#..............#.%#
###.#................##
#...#....#.#....##.###.


You could see a gnoll.

Vanquished Creatures
  2 gnolls (D:2)
  An adder (D:2)
  A dart slug (D:1)
  A ball python (D:2)
  2 endoplasms (D:2)
  3 goblins
  7 hobgoblins
  6 bats
  A frilled lizard (D:2)
  2 kobolds
  A rat (D:2)
27 creatures vanquished.

Notes
Turn   | Place    | Note
-------+----------+-------------------------------------------
     0 | D:1      | qw the Minotaur Hunter began the quest for the Orb.
     0 | D:1      | Reached XP level 1. HP: 18/18 MP: 0/0
     0 | D:1      | 0 ||| qw: Version: 0.2-a-121-gba3a3e5
     0 | D:1      | 0 ||| qw: Game counter: 3187
     0 | D:1      | 0 ||| qw: Always use a shield: true
     0 | D:1      | 0 ||| qw: God list: Okawaru
     0 | D:1      | 0 ||| qw: Allow faded altars: false
     0 | D:1      | 0 ||| qw: Do Orc after D:15 true
     0 | D:1      | 0 ||| qw: Do second Lair branch before Depths: true
     0 | D:1      | 0 ||| qw: Lair rune preference: random
     0 | D:1      | 0 ||| qw: Plans: Normal
     0 | D:1      | 0 ||| PLANNING D:1-11
   198 | D:1      | Reached XP level 2. HP: 21/25 MP: 1/1
   199 | D:1      | Reached skill level 5 in Ranged Weapons
   372 | D:1      | Found a faded altar of an unknown god.
   447 | D:1      | 447 ||| UPGRADING to +0 ring mail.
   457 | D:1      | 457 ||| DROPPING +0 leather armour.
   458 | D:1      | 458 ||| READING scroll labelled TIGOUX JALEFA.
   459 | D:1      | 459 ||| READING 2 scrolls labelled NATUICWOGRA.
   460 | D:1      | 460 ||| READING scroll labelled DADAMEGOVA.
   461 | D:1      | 461 ||| DROPPING scroll of butterflies.
   462 | D:1      | 462 ||| DROPPING scroll of magic mapping.
   525 | D:2      | Reached skill level 1 in Armour
   557 | D:2      | Reached skill level 3 in Fighting
   583 | D:2      | Reached XP level 3. HP: 31/31 MP: 2/2
   714 | D:2      | HP: 7/31 [gnoll/+0 spear (1)]
   718 | D:2      | HP: 2/31 [gnoll/+0 spear (5)]
   722 | D:2      | Slain by a gnoll

Levels and vault maps discovered:
D:1:      dpeg_arrival_long_road, layout_basic, basic_ecumenical_altar
D:2:      kennysheep_six_static_rooms, layout_basic, minmay_lizard_king

Skill      XL: |  1  2 |
---------------+-------+-----
Ranged Weapons | 5 |  5.6
Armour         | 1 |  1.0
Fighting       | 3 |  3.0
Dodging        | |  2.1
Stealth        | |  0.7

Action                     || total
---------------------------++-------
   Fire: Shortbow          ||    85
    Use: Scroll            ||     3
 Armour: Ring mail         ||     8
         Leather armour    ||     4
  Dodge: Dodged            ||    33

Table legend:
 A = Non-vault XP
 B = Vault XP
 C = Vault XP percentage of total XP
 D = Non-vault monster count
 E = Vault monster count
 F = Vault count percentage of total count
                 A         B        C        D         E       F
            +---------+---------+-------+---------+---------+-------
      Total |      65 |      19 |  22.6 |      22 |       5 |  18.5
            +---------+---------+-------+---------+---------+-------
        D:1 |      23 |       0 |   0.0 |      12 |       0 |   0.0
        D:2 |      42 |      19 |  31.1 |      10 |       5 |  33.3
            +---------+---------+-------+---------+---------+-------
